 Dungeon Crawl Stone Soup version 0.20.1-1-g8b1a95d (webtiles) character file.

770 digijack the Ruffian (level 7, -4/66 HPs)
             Began as a Troll Monk on Dec 2, 2017.
             Slain by a sixfirhy (9 damage)
             ... summoned by a kobold demonologist
             ... on level 6 of the Dungeon.
             The game lasted 00:19:39 (2097 turns).

digijack the Ruffian (Troll Monk)                   Turns: 2097, Time: 00:19:41

Health: -4/66      AC:  5    Str: 22    XL:     7   Next: 53%
Magic:  6/6        EV: 12    Int:  6    God:
Gold:   145        SH:  0    Dex: 12    Spells: 6/6 levels left

rFire    . . .     SeeInvis .     - Unarmed
rCold    . . .     Gourm    +   (no shield)
rNeg     . . .     Faith    .   a - +0 robe
rPois    .         Spirit   .   (helmet restricted)
rElec    .         Reflect  .   (no cloak)
rCorr    .         Harm     .   (gloves unavailable)
MR       .....                  (boots unavailable)
Stlth    ++........             f - amulet of rage
Regen    0.7/turn               (no ring)
MPRegen  0.1/turn               (no ring)

@: very slow
A: unfitting armour, claws 3, fast metabolism 3, gourmand, regeneration 1,
shaggy fur 1, tough skin 2
a: Evoke Berserk Rage


You were on level 6 of the Dungeon.
You were very full.

You visited 1 branch of the dungeon, and saw 4 of its levels.

You collected 145 gold pieces.

Inventory:

Armour
 a - a +0 robe (worn)
Jewellery
 f - an amulet of rage (around neck)
Wands
 j - a wand of polymorph (10/24)
Scrolls
 c - 4 scrolls of fear
 g - 3 scrolls of identify
 k - a scroll of remove curse
Potions
 e - a potion of curing
 i - a potion of heal wounds
 l - a potion of resistance {unknown}
Comestibles
 b - 4 bread rations
 d - 12 chunks of flesh
 h - 2 meat rations


   Skills:
 - Level 2.4 Fighting
 + Level 5.6 Dodging
 - Level 1.0 Stealth
 + Level 6.5 Unarmed Combat


You had 6 spell levels left.
You didn't know any spells.

Dungeon Overview and Level Annotations

Branches:
Dungeon (3/15)

Altars:
Dithmenos
Makhleb
Nemelex Xobeh

Annotations:
D:6 1 transporter


Innate Abilities, Weirdness & Mutations

You are too large for most types of armour.
You have claws for hands.
Your metabolism is lightning-fast.
You like to eat raw meat.
Your natural rate of healing is unusually fast.
You are covered in fur. (AC +1)
You have very tough skin. (AC +2)


Message History

The shadow imp hits you but does no damage.
You enter the shallow water.
Moving in this stuff is going to be slow.
The white imp disappears in a puff of smoke!
The crimson imp disappears in a puff of smoke!
The shadow imp gestures at you. Pain shoots through your body!
The kobold demonologist casts a spell.
The shadow imp disappears for a moment.
The shadow imp closely misses you. The white imp barely misses you.
The orc priest mumbles some strange prayers to Beogh against you.
Beogh smites you! The sixfirhy hits you. The sixfirhy shocks you!
The sixfirhy hits you!
* * * LOW HITPOINT WARNING * * *
The sixfirhy shocks you!
* * * LOW HITPOINT WARNING * * *
The sixfirhy misses you. The shadow imp gestures at you.
You struggle to resist.
The sixfirhy hits you!
You die...

#.............(.....#.##..
#.........#########.#.#
#.#
#.........#8P$©$P8#.#..
#......##.#≈.$.).≈#.###
#......##.####+####.#
#......##.#.≈...≈.#.#
#......##.#.≈...≈.#.#
#......##.#.≈≈≈≈≈.#.#
#.........#5≈53@≈5#.#
###.......#5≈≈5≈≈o#.#
#.......#K≈.5.≈5#.#
#.......#o≈...≈.#.#
#######.####'####.#
#.#P././.P#.#
#.#8P...P8#.#
#.#########.#
#.....©.....#


You could see a kobold demonologist, a sixfirhy, 2 orc priests, 2 white imps and
5 shadow imps.

Vanquished Creatures
  Grinder (D:3)
  Sigmund (D:2)
  2 ogres
  A howler monkey (D:6)
  An orc priest (D:6)
  An orc wizard (D:6)
  A worker ant (D:6)
  A gnoll (D:6)
  7 adders
  3 worms
  A leopard gecko (D:3)
  5 orcs
  A ball python (D:3)
  7 bats
  2 giant cockroaches (D:1)
  9 goblins
  7 hobgoblins
  3 jackals (D:2)
  3 quokkas
  3 frilled lizards
  A jackal skeleton (D:6)
  10 kobolds
  4 rats
75 creatures vanquished.

Notes
Turn   | Place    | Note
-------+----------+-------------------------------------------
     0 | D:1      | digijack the Troll Monk began the quest for the Orb.
     0 | D:1      | Reached XP level 1. HP: 22/22 MP: 0/0
    40 | D:1      | Reached XP level 2. HP: 26/29 MP: 1/1
   554 | D:2      | Reached XP level 3. HP: 35/36 MP: 2/2
   564 | D:2      | Noticed Sigmund
   577 | D:2      | Killed Sigmund
   577 | D:2      | Reached skill level 4 in Unarmed Combat
   577 | D:2      | Reached XP level 4. HP: 29/44 MP: 3/3
   577 | D:2      | Reached XP level 5. HP: 33/50 MP: 4/4
   773 | D:2      | Reached skill level 5 in Unarmed Combat
  1111 | D:3      | Found a burning altar of Makhleb.
  1318 | D:3      | Reached XP level 6. HP: 59/59 MP: 5/5
  1462 | D:3      | Noticed Grinder
  1473 | D:3      | Killed Grinder
  1589 | D:3      | Found a sparkling altar of Nemelex Xobeh.
  1735 | D:3      | Reached skill level 5 in Dodging
  1735 | D:3      | Reached skill level 6 in Unarmed Combat
  1735 | D:3      | Reached XP level 7. HP: 29/66 MP: 6/6
  1878 | D:3      | You fall through a shaft for 3 floors!
  1909 | D:6      | Found a shadowy altar of Dithmenos.
  2046 | D:6      | Found a transporter.
  2050 | D:6      | Noticed a kobold demonologist
  2078 | D:6      | Found a transporter.
  2097 | D:6      | Noticed a sixfirhy
  2097 | D:6      | Slain by a sixfirhy

Skill      XL: |  1  2  3  4  5  6 |
---------------+-------------------+-----
Dodging        | 3 4 5 |  5.6
Unarmed Combat | 4 5 6 |  6.5
Fighting       | |  2.4
Stealth        | |  1.0

Action                   |  1- 3 |  4- 6 |  7- 9 || total
-------------------------+-------+-------+-------++-------
Melee: Unarmed           |    63 |   128 |    30 ||   221
       Punch             |     1 |     8 |     4 ||    13
  Use: Potion            |     2 |     3 |     1 ||     6
       Scroll            |     4 |     3 |       ||     7
 Stab: Sleeping          |       |     4 |       ||     4
  Eat: Chunk             |     9 |    12 |     3 ||    24
Armor: Robe              |    35 |    33 |     4 ||    72
       Skin              |       |       |     1 ||     1
Dodge: Dodged            |    47 |    59 |    11 ||   117
